 Dungeon Crawl Stone Soup version 0.17.2-1-ge4368a0 (webtiles) character file.

2 tidbits the Insei (level 1, 3/15 HPs)
             Began as a Demigod Transmuter on Sept 22, 2017.
             Quit the game on level 2 of the Dungeon.
             The game lasted 00:01:33 (281 turns).

tidbits the Insei (Demigod Transmuter)               Turns: 281, Time: 00:01:33

Health: 3/15       AC:  2    Str: 13    XL:     1   Next: 26%
Magic:  4/5        EV: 12    Int: 17    God:
Gold:   51         SH:  0    Dex: 16    Spells: 1 memorised, 2 levels left

rFire  . . .     SeeInvis .     i - +0 rapier
rCold  . . .     Clarity  .     b - +0 robe
rNeg   . . .     SustAt   +     (no shield)
rPois  .         Gourm    .     (no helmet)
rElec  .         Spirit   .     (no cloak)
rCorr  .         Warding  .     (no gloves)
rMut   .         Stasis   .     (no boots)
MR     .....                    (no amulet)
Stlth  +.........               (no ring)
                                (no ring)

@: lethally poisoned (3 -> -4), appendage (expiring), not resistant to hostile
enchantments, very unstealthy
A: horns 2, high mp 1, sustain attributes
a: End Transformation


You were on level 2 of the Dungeon.
You were not hungry.
You had grown temporary horns.
You visited 1 branch of the dungeon, and saw 2 of its levels.

You collected 51 gold pieces.

Inventory:

Hand Weapons
 i - a +0 rapier (weapon)
   (You found it on level 2 of the Dungeon)
Missiles
 a - 20 arrows
Armour
 b - a +0 robe (worn)
Scrolls
 e - a scroll of blinking {unknown}
 f - a scroll of recharging {unknown}
 g - a scroll of remove curse {unknown}
Books
 c - a book of Changes

   Spells                             Type                      Level
   a - Beastly Appendage              Transmutation                1
   b - Sticks to Snakes               Transmutation                2
   c - Spider Form                    Transmutation/Poison         3
   d - Ice Form                       Ice/Transmutation            4
   e - Blade Hands                    Transmutation                5
Comestibles
 d - a bread ration
 h - a royal jelly


   Skills:
 - Level 0.8 Fighting
 - Level 1.7 Dodging
 - Level 2.6 Unarmed Combat
 + Level 1.9 Spellcasting
 + Level 1.8 Transmutations


You had 2 spell levels left.
You knew the following spells:

 Your Spells              Type           Power        Failure   Level  Hunger
e - Beastly Appendage     Trmt           #.....       12%         1    #......


Dungeon Overview and Level Annotations

Branches:
Dungeon (2/15)


Innate Abilities, Weirdness & Mutations

You have an increased reservoir of magic (+10% MP).
Your attributes are resistant to harm.
You have a pair of horns on your head.


Message History

There is a stone staircase leading down here.
Your talons disappear.
Found a scroll labeled KOSIESTROERCH.
Found a scale mail.
f - a scroll labeled KOSIESTROERCH
Found a scroll labeled RIDIDWOBUG.
You enter the shallow water.
Moving in this stuff is going to be slow.
g - a scroll labeled RIDIDWOBUG You open the door.
Found 16 gold pieces.
There is an open door here.
You now have 16 gold pieces.
You open the door.
Found 12 gold pieces.
There is an open door here.
A giant newt comes into view.
You see here 12 gold pieces.
You see here 12 gold pieces.
You now have 28 gold pieces (gained 12).
Casting: Beastly Appendage
Confirm with . or Enter, or press ? or * to list all spells.
Your feet morph into talons.
You hit the giant newt.
You kill the giant newt!
Your transformation is almost over.
Your talons disappear.
Found 3 gold pieces.
You now have 31 gold pieces (gained 3).
Found 8 arrows.
a - 20 arrows (gained 8)
Found a robe.
Found a stone staircase leading down.
There is a stone staircase leading down here.
You climb downwards.
There is a stone staircase leading up here.
A giant cockroach comes into view.
A giant cockroach is nearby!
Casting: Beastly Appendage
Confirm with . or Enter, or press ? or * to list all spells.
You grow a pair of large bovine horns.
You hit the giant cockroach.
The giant cockroach is almost dead.
The giant cockroach closely misses you.
You barely miss the giant cockroach.
The giant cockroach is almost dead.
The giant cockroach completely misses you.
You hit the giant cockroach.
You kill the giant cockroach!
Your transformation is almost over.
You see here a giant cockroach corpse.
Found a rapier.
A worm comes into view.
You aren't carrying any items that can be evoked.
Unknown command.
You aren't carrying any potions.
Unknown command.
Your horns disappear.
Found a faded altar to an unknown god.
Found a ring mail.
There is a faded altar to an unknown god here.
Found a royal jelly.
The worm is too close now for your liking.
You see here a royal jelly.
h - a royal jelly
Found 7 gold pieces.
You see here a rapier.
i - a rapier Wield which item (- for none, * to show all)? (? for menu, Esc to quit)
i - a +0 rapier (weapon)
You now have 38 gold pieces (gained 7).
Found 13 gold pieces.
You now have 51 gold pieces (gained 13).
An adder comes into view.
Casting: Beastly Appendage
Confirm with . or Enter, or press ? or * to list all spells.
You grow a pair of large bovine horns.
You closely miss the adder. The adder bites you. The adder closely misses you.
You hit the adder.
The adder is heavily wounded.
The adder barely misses you.
You barely miss the adder.
The adder is heavily wounded.
The adder bites you. x2
You are poisoned.
The adder poisons you!
You closely miss the adder.
The adder is heavily wounded.
You feel sick. The adder bites you.
* * * LOW HITPOINT WARNING * * *
You closely miss the adder. Your headbutt misses the adder.
The adder is heavily wounded.
* * * LOW HITPOINT WARNING * * *
You feel sick. The adder barely misses you. The adder barely misses you.
You closely miss the adder.
The adder is moderately wounded.
Your transformation is almost over.
The adder barely misses you.
You aren't carrying any potions.
Unknown command.
Are you sure you want to abandon this character and quit the game? (Confirm with "yes".)

#.######################
#.....S@................
#..#####################
#########.. #...w.....#
#w######### #.# ##.....
#.# #..[#.. #.# #..#_#.
#.###...#..


You could see an adder.

Vanquished Creatures
  A giant cockroach (D:2)
  A giant newt (D:1)
  A goblin (D:1)
3 creatures vanquished.

Notes
Turn   | Place    | Note
--------------------------------------------------------------
     0 | D:1      | tidbits the Demigod Transmuter began the quest for the Orb.
     0 | D:1      | Reached XP level 1. HP: 15/15 MP: 5/5
   174 | D:2      | Found a faded altar to an unknown god.
   281 | D:2      | Quit the game

Action                   || total
-------------------------++-------
Melee: Rapier            ||     6
       Unarmed           ||     5
 Cast: Beastly Appendage ||     4

Table legend:
 A = Turns spent in this place as a percentage of turns spent in the entire game.
 B = Non-inter-level travel turns spent in this place as a percentage of non-inter-level travel turns spent in the entire game.
 C = Inter-level travel turns spent in this place as a percentage of turns spent in this place.
 D = Turns resting spent in this place as a percentage of non-inter-level travel turns spent in this place.
 E = Turns spent auto-exploring this place as a percentage of non-inter-level travel turns spent in this place.
 F = Non-inter-level travel turns spent in this place divided by the number of levels of this place that you've seen.
                   A       B       C       D       E      F
               +-------+-------+-------+-------+-------+----------------------
         Total | 100.0 | 100.0 |   0.0 |   0.0 |   0.0 | 121.5
       Dungeon | 100.0 | 100.0 |   0.0 |   0.0 |   0.0 | 121.5
               +-------+-------+-------+-------+-------+----------------------

Table legend:
 A = Kills in this place as a percentage of kills in entire the game.
 B = Kills by you in this place as a percentage of kills by you in the entire game.
 C = Kills by friends in this place as a percentage of kills by friends in the entire game.
 D = Other kills in this place as a percentage of other kills in the entire game.
 E = Experience gained in this place as a percentage of experience gained in the entire game.
 F = Experience gained in this place divided by the number of levels of this place that you have seen.
                   A       B       C       D       E      F
               +-------+-------+-------+-------+-------+----------------------
         Total | 100.0 | 100.0 |  -nan |  -nan | 100.0 |   2.0
       Dungeon | 100.0 | 100.0 |  -nan |  -nan | 100.0 |   2.0
               +-------+-------+-------+-------+-------+----------------------

Vault maps used:
D:1:      eino_arrival_water_cross, glass_columns_a, minmay_misc_feat_doors
D:2:      tgw_xom, first_bread, ecumenical_altar_1, hex_large,
          hangedman_decor_growths
